 Dungeon Crawl Stone Soup version 0.22.1-2-g9c5b331 (webtiles) character file.

2519 MalarOregon the Poker (level 9, 0/66 HPs)
             Began as a Merfolk Transmuter on Nov 26, 2018.
             Was a Believer of Nemelex Xobeh.
             Slain by a troll (3 damage)
             ... on level 8 of the Dungeon.
             The game lasted 00:23:43 (10649 turns).

MalarOregon the Poker (Merfolk Transmuter)         Turns: 10649, Time: 00:23:43

Health: 0/66       AC: 12    Str: 20    XL:     9   Next: 54%
Magic:  15/15      EV: 10    Int: 15    God:    Nemelex Xobeh [**....]
Gold:   343        SH:  6    Dex: 15    Spells: 2/16 levels left

rFire    . . .     SeeInvis .   B - +0 spear
rCold    + . .     Gourm    .   y - +2 buckler {rC+}
rNeg     + . .     Faith    .   n - +0 chain mail of the Maze {MR+ Str+5} (curse)
rPois    .         Spirit   .   (no helmet)
rElec    .         Reflect  .   r - +2 cloak
rCorr    .         Harm     .   (no gloves)
MR       +....                  (no boots)
Stlth    ..........             (no amulet)
HPRegen  0.21/turn              d - +5 ring of strength
MPRegen  0.14/turn              f - ring of positive energy

@: no status effects
A: change form in water, swift swim, stealthy swim
a: Renounce Religion


You were on level 8 of the Dungeon.
You worshipped Nemelex Xobeh.
Nemelex Xobeh was pleased with you.
You were not hungry.

You visited 2 branches of the dungeon, and saw 9 of its levels.
You also visited: Sewer.

You collected 343 gold pieces.

Inventory:

Hand Weapons
 q - a +3 scythe
   (You took it off Sigmund on level 3 of the Dungeon)
 B - a +0 spear (weapon)
   (You found it on level 6 of the Dungeon)
Missiles
 a - 64 arrows
 l - 6 javelins of returning (quivered)
 C - a throwing net {!f}
 D - 2 poisoned tomahawks
Armour
 n - the cursed +0 chain mail of the Maze (worn) {MR+ Str+5}
   (You found it on level 4 of the Dungeon)

   It affects your strength (+5).
   It affects your resistance to hostile enchantments.
   It has a curse placed upon it.
 r - a +2 cloak (worn)
   (You took it off Crazy Yiuf on level 3 of the Dungeon)
 s - a +2 robe
   (You took it off Sigmund on level 3 of the Dungeon)
 y - a +2 buckler of cold resistance (worn)
   (You acquired it on level 6 of the Dungeon)
Jewellery
 d - a +5 ring of strength (left hand)
   (You found it on level 2 of the Dungeon)
 f - a ring of positive energy (right hand)
   (You found it on level 3 of the Dungeon)
Wands
 x - a wand of acid (8)
   (You found it on level 6 of the Dungeon)
Scrolls
 g - 4 scrolls of remove curse {@r2}
 h - 5 scrolls of identify {@r1}
 k - 3 scrolls of fog
 m - 3 scrolls of magic mapping
 p - a scroll of blinking
 w - 3 scrolls of teleportation {@r4}
Potions
 b - a potion of haste {unknown}
 c - 4 potions of flight
 i - 3 potions of magic
 o - a potion of invisibility
 t - 2 potions of curing {unknown}
 v - 2 potions of agility {unknown}
 z - 4 potions of heal wounds {@q2}
 A - a potion of berserk rage
 F - a potion of brilliance {unknown}
Miscellaneous
 u - a plain deck of destruction {drawn: 5}
   (Nemelex Xobeh gifted it to you on level 6 of the Dungeon)
Comestibles
 e - 11 rations {!d}
 j - 6 chunks of flesh


   Skills:
 + Level 4.5 Fighting
 * Level 6.4 Polearms
 + Level 2.8 Armour
 + Level 5.8 Dodging
 * Level 1.5 Shields
 + Level 6.3 Unarmed Combat
 + Level 4.1 Spellcasting
 + Level 1.4 Summonings
 + Level 5.9 Transmutations
 + Level 2.3 Ice Magic
 + Level 4.0 Poison Magic


You had 2 spell levels left.
You knew the following spells:

 Your Spells              Type           Power        Failure   Level  Hunger
a - Freeze                Ice            ##..         69%         1    None
c - Ice Form              Ice/Tmut       ###.....     99%         4    ####...
d - Summon Ice Beast      Ice/Summ       #.......     100%        4    ####...
s - Sticks to Snakes      Tmut           ###.....     34%         2    ##.....
x - Spider Form           Tmut/Pois      ###.......   71%         3    ###....

Your spell library contained the following spells:

 Spells                   Type           Power        Failure   Level  Hunger
 Beastly Appendage        Tmut           ###...       24%         1    None
 Summon Small Mammal      Summ           #...         82%         1    None
 Call Imp                 Summ           #.......     91%         2    ##.....
 Throw Frost              Conj/Ice       #.....       94%         2    ##.....
 Call Canine Familiar     Summ           #.......     99%         3    ###....
 Ozocubu's Armour         Chrm/Ice       #.......     99%         3    ###....
 Summon Guardian Golem    Hex/Summ       #.......     99%         3    ###....
 Summon Lightning Spire   Summ/Air       #.......     100%        4    ####...
 Throw Icicle             Conj/Ice       #.......     100%        4    ####...
 Blade Hands              Tmut           ###.......   100%        5    ######.


Dungeon Overview and Level Annotations

Branches:
Dungeon (8/15)             Temple (1/1) D:4
   Lair: D:8-11

Altars:
Ashenzari
Cheibriados
Dithmenos
Elyvilon
Fedhas
Gozag
Hepliaklqana
Kikubaaqudgha
Makhleb
Nemelex Xobeh
Okawaru
Qazlal
Ru
Sif Muna
Trog
Uskayaw
Vehumet
Wu Jian
Xom
Yredelemnul
Zin
The Shining One


Message History

You draw a card...
It is Pain.
The deck of cards disappears without a trace.
You have drawn Pain.
Aim: a troll The troll convulses!
You don't have any such object.
You don't have any such object.
You don't have any such object.
You don't have any such object.
You draw a card...
It is the Orb.
You have drawn the Orb.
Aim: a troll (heavily wounded)
The orb of energy hits the troll.
The troll bites you! The troll claws you. You block the troll's attack.
You draw a card...
It is Pain.
You have drawn Pain.
Aim: a troll (heavily wounded)
The troll convulses!
The troll bites you. The troll claws you. x2
Your chain mail of the Maze prevents you from hitting the troll.
The troll bites you.
The troll claws you but does no damage. x2
You closely miss the troll. The troll bites you!
* * * LOW HITPOINT WARNING * * *
You block the troll's attack. The troll closely misses you.
You draw a card...
It is Wild Magic.
The troll looks momentarily listless.
You feel a surge of magic. The troll bites you!
* * * LOW HITPOINT WARNING * * *
The troll claws you!
* * * LOW HITPOINT WARNING * * *
The troll claws you.
* * * LOW HITPOINT WARNING * * *
The floor.
Okay, then.
Aim: a troll The bolt of acid hits the troll.
The troll is splashed with acid.
The acid corrodes the troll!
Aim: a troll (moderately wounded, covered in acid)
The bolt of acid misses the troll.
You block the troll's attack. The troll barely misses you.
The troll misses you.
You don't have any such object.
You draw a card...
It is Wild Magic.
Freezing gases pour from the troll's claws!
You feel a surge of magic. You block the troll's attack. The troll claws you.
* * * LOW HITPOINT WARNING * * *
The troll claws you but does no damage.
You draw a card...
It is the Storm.
A fierce wind blows from the card.
The troll bites you.
* * * LOW HITPOINT WARNING * * *
The troll claws you but does no damage. The troll claws you.
You die...
Your body disappears without a glow.

### #.# #.# ### #.#
##.#####.. #.# #........#
... #.# #..####### ... #§#
#..# # .... ### #§#######..#
# ........#
#§#........#######
.....#.####T#.######.>.o..o.
.####... ...##E.@#.#
#########
.......###.##§###.#
#########
............§§.....#
#.......#
.##..#.##.#.##.#####
#.#####.# .......##.#.##^#
#.# #.# ...............# #.#
#.#
...............#########.#
#.#
..#.#....................#
#.#
.....)).>.#.##.###########
#.#


You could see a troll and a friendly air elemental.

Vanquished Creatures
  Sigmund (D:3)
  Menkaure (D:7)
  An orc warrior (D:8)
  2 phantoms
  A black bear (D:6)
  3 ogres
  2 centaurs
  A big kobold (Sewer)
  A bullfrog (D:6)
  A howler monkey (D:4)
  4 crimson imps
  2 jellies
  Crazy Yiuf (D:3)
  2 orc priests
  A gnoll shaman (D:7)
  3 hounds
  An iguana (D:5)
  5 orc wizards
  10 worker ants
  A hound skeleton (D:4)
  12 adders
  5 gnolls
  2 river rats (Sewer)
  An adder skeleton (D:5)
  3 worms
  3 dart slugs
  6 leopard geckos
  17 orcs
  4 giant cockroaches
  10 goblins
  11 hobgoblins
  5 jackals
  14 kobolds
  3 quokkas
  A ball python (D:5)
  A ball python skeleton (D:6)
  5 bats
  8 frilled lizards
  2 quokka skeletons (D:4)
  5 rats
  A fungus (D:3)
163 creatures vanquished.

Vanquished Creatures (collateral kills)
  2 ogres
  A hound (D:5)
  A gnoll (D:7)
  2 adders
  A rat (D:3)
7 creatures vanquished.

Vanquished Creatures (others)
  An orc priest (D:8)
1 creature vanquished.

Grand Total: 171 creatures vanquished

Notes
Turn   | Place    | Note
-------+----------+-------------------------------------------
     0 | D:1      | MalarOregon the Merfolk Transmuter began the quest for the
                  | Orb.
     0 | D:1      | Reached XP level 1. HP: 15/15 MP: 3/3
   140 | D:1      | Reached XP level 2. HP: 11/21 MP: 5/5
   386 | D:1      | Learned a level 2 spell: Sticks to Snakes
   773 | D:1      | Reached XP level 3. HP: 18/26 MP: 6/6
  1029 | D:2      | Learned a level 3 spell: Spider Form
  2375 | D:2      | Reached XP level 4. HP: 29/32 MP: 4/7
  2521 | D:3      | Found a deep blue altar of Sif Muna.
  2649 | D:3      | Noticed an ogre
  2726 | D:3      | Killed an ogre
  2726 | D:3      | Reached skill level 1 in Armour
  2726 | D:3      | Reached skill level 1 in Poison Magic
  2726 | D:3      | Reached XP level 5. HP: 11/38 MP: 0/8
  3337 | D:3      | Found an iron altar of Okawaru.
  3415 | D:3      | Found a burning altar of Makhleb.
  3570 | D:3      | Noticed Sigmund
  3580 | D:3      | Killed Sigmund
  3580 | D:3      | Reached skill level 5 in Unarmed Combat
  3580 | D:3      | Reached XP level 6. HP: 14/46 MP: 7/10
  3871 | D:3      | Found a runed door.
  3876 | D:3      | Noticed Crazy Yiuf
  3890 | D:3      | Killed Crazy Yiuf
  3911 | D:3      | HP: 2/46 [poisoned by Crazy Yiuf]
  3916 | D:3      | HP: 1/46 [poisoned by Crazy Yiuf]
  4264 | D:4      | Noticed a phantom
  4331 | D:3      | Killed a phantom
  4331 | D:3      | Reached skill level 1 in Polearms
  4331 | D:3      | Reached XP level 7. HP: 12/51 MP: 11/11
  4830 | D:4      | Found a staircase to the Ecumenical Temple.
  4871 | Temple   | Entered the Ecumenical Temple
  5016 | Temple   | Became a worshipper of Nemelex Xobeh the Trickster
  5116 | D:4      | Received a gift from Nemelex Xobeh
  5388 | D:4      | Got a slimy chain mail
  5702 | D:5      | Entered Level 5 of the Dungeon
  5807 | D:5      | Found a glowing drain.
  5826 | Sewer    | Entered a sewer
  5896 | Sewer    | Reached XP level 8. HP: 52/58 MP: 13/13
  5911 | Sewer    | Identified the cursed +0 chain mail of the Maze {MR+ Str+5}
                  | (You found it on level 4 of the Dungeon)
  6015 | Sewer    | Found a glowing silver altar of Zin.
  6131 | D:5      | Reached * piety under Nemelex Xobeh
  6168 | D:5      | Found an opulent altar of Gozag.
  6169 | D:5      | Found a sacrificial altar of Ru.
  6170 | D:5      | Found a glowing silver altar of Zin.
  6176 | D:5      | Learned a level 4 spell: Ice Form
  6176 | D:5      | Found a hazy altar of Hepliaklqana.
  6182 | D:5      | Found a shattered altar of Ashenzari.
  6564 | D:5      | Reached skill level 5 in Dodging
  6574 | D:5      | Reached skill level 5 in Transmutations
  7128 | D:5      | Found a shadowy altar of Dithmenos.
  7318 | D:6      | Found a radiant altar of Vehumet.
  7606 | D:6      | Reached skill level 1 in Ice Magic
  7757 | D:6      | Reached skill level 5 in Polearms
  8097 | D:6      | Reached ** piety under Nemelex Xobeh
  8107 | D:6      | Received a gift from Nemelex Xobeh
  8276 | D:6      | Identified a scroll of acquirement
  8285 | D:6      | Learned a level 1 spell: Freeze
  8290 | D:6      | Learned a level 4 spell: Summon Ice Beast
  8594 | D:7      | Reached XP level 9. HP: 33/65 MP: 14/14
  8638 | D:7      | HP: 3/65 [poisoned by a worker ant]
  8646 | D:7      | HP: 3/65 [poisoned by a worker ant]
  8994 | D:7      | Noticed Menkaure
  9005 | D:7      | Killed Menkaure
  9210 | D:7      | Found a burning altar of Makhleb.
  9529 | D:7      | Reached skill level 1 in Summonings
  9585 | D:7      | Received a gift from Nemelex Xobeh
 10443 | D:8      | Reached skill level 1 in Shields
 10608 | D:8      | Noticed a troll
 10649 | D:8      | HP: 3/66 [troll (4)]
 10649 | D:8      | Slain by a troll

Skill      XL: |  1  2  3  4  5  6  7  8  9 |
---------------+----------------------------+-----
Dodging        | 3 4 5 |  5.8
Transmutations | 3 4 5 |  5.9
Unarmed Combat | 4 5 6 |  6.3
Fighting       | 2 3 4 |  4.5
Armour         | 1 2 |  2.8
Poison Magic   | 1 2 3 4 |  4.0
Spellcasting   | 3 4 |  4.1
Polearms       | 1 3 5 6 |  6.4
Ice Magic      | 1 2 |  2.3
Summonings     | 1 |  1.4
Shields        | 1 |  1.5

Action                   |  1- 3 |  4- 6 |  7- 9 || total
-------------------------+-------+-------+-------++-------
Melee: Unarmed           |   125 |    20 |    15 ||   160
       Punch             |     2 |       |       ||     2
       Whip              |     8 |    60 |       ||    68
       Headbutt          |     1 |       |       ||     1
       Scythe            |       |    21 |   217 ||   238
       Spear             |       |       |   236 ||   236
Throw: Javelin           |       |     5 |       ||     5
 Cast: Beastly Appendage |     2 |       |       ||     2
       Spider Form       |     1 |     4 |     2 ||     7
       Sticks to Snakes  |       |     7 |    13 ||    20
 Abil: End Transformatio |       |     1 |       ||     1
Evoke: Deck              |       |       |    18 ||    18
       Wand              |       |       |     3 ||     3
  Use: Scroll            |     1 |     6 |     9 ||    16
       Potion            |     4 |     1 |       ||     5
 Stab: Sleeping          |     1 |     1 |     2 ||     4
       Distracted        |       |     1 |       ||     1
  Eat: Chunk             |     3 |     9 |    22 ||    34
Armor: Robe              |    14 |    14 |    10 ||    38
       Skin              |     2 |     1 |       ||     3
       Chain mail        |       |       |   165 ||   165
Dodge: Dodged            |    72 |    60 |   239 ||   371
Block: Buckler           |       |       |    33 ||    33
